[Event "44th Chess Olympiad Women 2022"]
[Site "Chennai"]
[Date "2022.07.29"]
[Round "1.42"]
[White "Martynkova, Olena"]
[Black "Nepando, Jolly"]
[Result "1-0"]
[ECO "D53"]
[WhiteElo "2213"]
[BlackElo "1389"]
[Annotator "TA"]
[PlyCount "69"]
[EventDate "2022.07.29"]
[EventType "team-tourn"]
[EventCountry "IND"]
[SourceTitle "playchess.com"]
[Source "ChessBase"]
[SourceQuality "1"]
[WhiteTeam "Lithuania"]
[BlackTeam "Namibia"]
[WhiteTeamCountry "LTU"]
[BlackTeamCountry "NAM"]
[TimeControl "40/5400+30:1800+30"]

1. d4 d5 2. c4 e6 3. Nf3 Nc6 4. Nc3 Nf6 5. Bg5 Be7 6. e3 b6 7. cxd5 Nxd5 {[%emt 0:15:59] D53: Queen's Gambit Declined: 4 Bg5 Be7: Early deviations.} 8. Bb5 Bd7 9. Nxd5 exd5 {[%emt 0:00:33] [#] White is better.} 10. Qa4 ({White should try} 10. Rc1 $1 $16 Bxg5 11. Bxc6 Bxc6 12. Rxc6) 10... Nb8 (10... Na5 $14 {was preferrable.}) 11. Bxe7 $16 Qxe7 12. Ne5 {[%emt 0:01:04] [#]} a6 $146 ({Predecessor:} 12... f6 13. Nxd7 Nxd7 14. Rc1 Qd6 15. Rc6 {1-0 (15) Vokac,M (2458)-Ivanova,O (1752) Pardubice 2010}) 13. Nxd7 {[%emt 0:03:14] White is more active.} Nxd7 14. Bc6 Ra7 (14... Rd8 $16 {might work better.}) 15. O-O $18 ({Don't do} 15. Bxd5 c5 16. dxc5 Qxc5 $16) 15... Qe6 16. Rac1 {[%emt 0:02:39][%cal Oe3e4] And now e4! would win.} Kd8 17. Qb3 Nf6 18. a4 Ke7 19. f3 {[%emt 0:04:14][%cal Oe3e4] Strongly threatening e4!} Rd8 20. a5 b5 {[%emt 0:03:07] Black cannot hold the game after this.} (20... Kf8 $16 21. Rc3 (21. axb6 cxb6 22. Rc3 Rc7 $16) 21... b5 22. Qa3+ Qe7) 21. Qa3+ (21. e4 $142) 21... Qd6 22. Rc5 Nd7 (22... Kf8 $16 {was necessary.} 23. b4 Kg8) 23. Rxd5 Qxa3 24. bxa3 Nb8 25. Rxd8 Kxd8 {[%emt 0:00:02][%mdl 4096] Endgame [#] KRB-KRN} 26. Rc1 Ke7 27. e4 f6 (27... Kd6 $142) 28. h4 Kd6 29. d5 {[%emt 0:02:51] aiming for Kf2.} Nd7 $2 (29... Ke5 {was worth a try.} 30. Kf2 Kd4) 30. Bxd7 {[%emt 0:00:17] White is clearly winning.} Kxd7 31. Rc6 Kc8 32. h5 Kb7 33. h6 g6 34. Rxf6 {[%emt 0:00:18] White wants to mate with Rf7.} Ra8 35. Rf7 {[%emt 0:00:00] Weighted Error Value: White=0.17 (very precise) /Black=0.54} 1-0

[Event "44th Chess Olympiad Women 2022"]
[Site "Chennai"]
[Date "2022.07.29"]
[Round "1.42"]
[White "Sibajeva, Marija"]
[Black "Beukes Jamie-Nicole"]
[Result "1-0"]
[ECO "B48"]
[WhiteElo "2032"]
[BlackElo "1231"]
[Annotator "TA"]
[PlyCount "65"]
[EventDate "2022.07.29"]
[EventType "team-tourn"]
[EventCountry "IND"]
[SourceTitle "playchess.com"]
[Source "ChessBase"]
[SourceQuality "1"]
[WhiteTeam "Lithuania"]
[BlackTeam "Namibia"]
[WhiteTeamCountry "LTU"]
[BlackTeamCountry "NAM"]
[TimeControl "40/5400+30:1800+30"]

1. e4 c5 2. Nf3 e6 3. d4 cxd4 4. Nxd4 Nc6 5. Nc3 Qc7 6. Be3 a6 7. Qd2 {[%emt 0:01:49] 7.g4 might become the main line.} Nf6 8. f3 Be7 {[%emt 0:02:30] B48: Sicilian: Taimanov: 5 Nc3 Qc7 6 Be3 a6 without Be2.} 9. O-O-O O-O 10. g4 b5 {[%emt 0:13:44] White is slightly better.} 11. Be2 Bb7 12. g5 {[%emt 0:05:06] [#]} Ne8 $146 ({Predecessor:} 12... Nh5 13. f4 Nxd4 14. Bxh5 b4 15. Bxd4 bxc3 16. Bxc3 Bxe4 17. Qd4 Qxf4+ 18. Kb1 e5 19. Qxd7 Qxg5 {0-1 (31) Shukhman,A (1866)-Brunner,N (2428) Chess.com INT 2020}) 13. Nb3 d6 (13... Ne5 $11) 14. f4 ({White should try} 14. h4 $14) 14... Rd8 (14... Na5 $1 $11) 15. Rhg1 ({Better is} 15. Bf3 $14) 15... Ba8 (15... d5 $1 $11 {remains equal.} 16. exd5 Nb4) 16. f5 $36 {[%emt 0:01:57][%mdl 2048] White is really pushing.} Rc8 ({Black should play} 16... d5) 17. Bg4 {[%emt 0:04:43] 0x0.0024d60b0a2edp-1022s more active pieces. The black rooks are badly placed.} (17. f6 Bd8 $16) (17. fxe6 $16 {Black must now prevent Nd5.} fxe6 18. Bg4) 17... exf5 $2 (17... Ne5 $11 18. a3 (18. fxe6 f5 $15) 18... Nxg4 19. Rxg4 exf5 20. exf5 Bf3) 18. Nd5 $18 (18. Bxf5 $6 Rb8 $16) 18... Qb8 (18... fxg4 19. Nxc7 Nxc7) 19. Bxf5 (19. exf5 $142 {[%cal Of5f6] And now f6! would win.} f6 20. Nd4) 19... Rd8 $2 (19... Rc7 20. Bb6 (20. Nxc7 Nxc7 21. Bf4 g6 $18) 20... Rb7) 20. Bb6 Ne5 21. Bxd8 $2 (21. Nxe7+ $18 {is the precise move to win.} Kh8 22. Qf2) 21... Bxd8 $16 22. Rg3 {[%emt 0:07:02] Prevents Nf3.} Bb7 23. Qe2 (23. Kb1 $18) 23... g6 24. Bh3 Ng7 {[%emt 0:00:14] [#]} (24... Bxd5 $16 25. exd5 (25. Rxd5 Ng7 $16) 25... Ng7) 25. Nf6+ $1 $18 Kh8 26. Bg4 Nxg4 (26... Bxf6 $142 27. gxf6 Ne8) 27. Qxg4 {[%emt 0:00:55] aiming for Nd7.} ({Inferior is} 27. Nxg4 Bxg5+ 28. Kb1 f5 29. exf5 Nxf5 $14) ({But not} 27. Rxg4 Qc7 28. Rh4 Nh5 $18) 27... Bc8 28. Qh4 Bxf6 (28... h5 $142 29. Kb1 (29. gxh6 Nh5 $18) 29... Qb7) 29. gxf6 {[%emt 0:00:05] [#] Threatens to win with Qh6.} Nh5 30. Rgd3 Bb7 (30... Qc7 $142 31. Rxd6 h6) 31. Rxd6 {[%emt 0:00:18] Nc5 is the strong threat.} Re8 32. Nc5 Qa8 33. Nxb7 {[%emt 0:01:10] Weighted Error Value: White=0.73/Black=0.99} 1-0

[Event "44th Chess Olympiad Women 2022"]
[Site "Chennai"]
[Date "2022.07.29"]
[Round "1.42"]
[White "Van Wyk, Keisha C"]
[Black "Baginskaite, Kamile"]
[Result "0-1"]
[ECO "B90"]
[WhiteElo "1237"]
[BlackElo "2134"]
[Annotator "TA"]
[PlyCount "70"]
[EventDate "2022.07.29"]
[EventType "team-tourn"]
[EventCountry "IND"]
[SourceTitle "playchess.com"]
[Source "ChessBase"]
[SourceQuality "1"]
[WhiteTeam "Namibia"]
[BlackTeam "Lithuania"]
[WhiteTeamCountry "NAM"]
[BlackTeamCountry "LTU"]
[TimeControl "40/5400+30:1800+30"]

1. e4 c5 2. Nf3 d6 3. d4 cxd4 4. Nxd4 Nf6 5. Nc3 a6 6. Be3 e5 7. Nf3 Qc7 8. Bd3 {[%emt 0:01:57] B90: Sicilian Najdorf: Unusual White 6th moves, 6 Be3 Ng4 and 6 Be3 e5.} b5 {[%emt 0:01:17] [#]} 9. Nd5 $146 ({Predecessor:} 9. a3 Be7 10. O-O O-O 11. Qd2 Nbd7 12. Rfd1 Nb6 13. h3 Nc4 14. Bxc4 Qxc4 15. Qd3 Qc7 {0-1 (32) Hapugala,H (1107)-De Silva,O (1902) Negambo 2017}) 9... Nxd5 10. exd5 {[%emt 0:04:02][%cal Oc2c4] The position is equal.} Be7 11. Ng5 (11. c4 $5) 11... Bxg5 ({Black should try} 11... Nd7 $15) 12. Bxg5 $11 f5 13. O-O O-O 14. Rc1 Nd7 15. c4 b4 16. Qc2 Nc5 17. Be2 (17. f3 $11 {keeps the balance.}) 17... f4 $17 18. f3 Bf5 {[%emt 0:01:20] Against Bd3} 19. Qd2 a5 $36 {[%emt 0:01:01][%mdl 2048] White is under pressure.} 20. Bh4 Rae8 {[%emt 0:01:01] Black is more active.} 21. g3 $2 {[%emt 0:04:04][%mdl 8192] Now White is beyond hope.} ({White should play} 21. Bf2 $15) 21... Bh3 $19 22. Rf2 (22. Kh1 {was worth a try.} fxg3 23. Bxg3) 22... e4 23. Rg2 (23. Qd1 $142 e3 24. Rf1) 23... Bxg2 24. Kxg2 exf3+ 25. Bxf3 Re3 {[%emt 0:00:49][%cal Oe3f3,Be8e3,Be3d3,Bd3d4,Bd4g4,Bg4f4][%mdl 32] [#] Strongly threatening ...Rxf3!} 26. gxf4 Rd3 27. Qe2 Rxf4 28. Bg4 Rdd4 29. Qe8+ Rf8 30. Qh5 (30. Be6+ $142 Nxe6 31. Qxe6+ Qf7 32. Kh3) 30... g6 31. Qg5 Qf7 {[%emt 0:01:14][%cal Oh7h6] [#] aiming for ...h6!} 32. Re1 h6 33. Qxh6 Rxg4+ {[%emt 0:00:08] Black mates.} 34. Kh3 Qf5 35. Re7 Rf4+ {[%emt 0:01:18] Weighted Error Value: White=1.11/Black=0.24 (precise)} 0-1

[Event "44th Chess Olympiad Women 2022"]
[Site "Chennai"]
[Date "2022.07.29"]
[Round "1.42"]
[White "Tsuses, Patience"]
[Black "Simkunaite, Gabija"]
[Result "0-1"]
[ECO "B15"]
[WhiteElo "1075"]
[BlackElo "2010"]
[Annotator "TA"]
[PlyCount "92"]
[EventDate "2022.07.29"]
[EventType "team-tourn"]
[EventCountry "IND"]
[SourceTitle "playchess.com"]
[Source "ChessBase"]
[SourceQuality "1"]
[WhiteTeam "Namibia"]
[BlackTeam "Lithuania"]
[WhiteTeamCountry "NAM"]
[BlackTeamCountry "LTU"]
[TimeControl "40/5400+30:1800+30"]

1. e4 c6 2. d4 d5 3. Nc3 dxe4 4. Nxe4 Nf6 5. Nxf6+ exf6 6. Nf3 Bg4 7. Be2 {[%emt 0:01:04] B15: Caro-Kann: 3 Nc3: 3...g6 and 3...dxe4 4 Nxe4 Nf6 5 Nxf6+ exf6.} Bd6 8. Be3 O-O 9. h3 {[%emt 0:00:51] The position is equal.} Bh5 10. g4 Bg6 11. Bd3 {[%emt 0:03:21] [#]} ({Better is} 11. Nh4 $1 $11) 11... Re8 $146 ({Predecessor:} 11... f5 12. Qd2 Qf6 13. Ne5 Bxe5 14. dxe5 Qxe5 15. O-O-O Qe6 16. Qb4 b5 17. gxf5 Bxf5 {0-1 (27) Dilic,R (1920)-Jovic,S (2645) Trieste 1997}) 12. Qd2 Bf4 13. O-O-O (13. O-O $15 Bc7 14. Bxg6 hxg6 15. c4) 13... Bxe3 $17 14. fxe3 Qd5 15. Bxg6 (15. e4 $142 Qxa2 16. Qb4) 15... hxg6 ({Stronger than} 15... fxg6 16. Qb4 $17) 16. Nh2 (16. e4 $17 Qxa2 17. Qd3 (17. Qb4 $2 Na6 $19)) 16... Qxa2 $19 {[%emt 0:00:55][%cal Ra2a1] [#]} 17. c3 Nd7 18. Rhe1 Nb6 19. Qc2 Nc4 20. Nf1 a5 ({Not} 20... Qa1+ 21. Qb1 Qa5 22. e4) 21. Qb1 Qxb1+ 22. Kxb1 f5 23. b3 Nd6 24. Ng3 fxg4 (24... b5 $19 25. Kb2 a4) 25. hxg4 $17 Ne4 26. Nxe4 Rxe4 {[%emt 0:00:06][%mdl 4096] Endgame KRR-KRR} 27. g5 Rae8 28. Rd2 (28. Kc2 $17) 28... Rxe3 $19 29. Rxe3 Rxe3 {[%emt 0:00:05] KR-KR} 30. Kc2 Kf8 {[%emt 0:06:13] Strongly threatening ...Rg3.} 31. Rg2 (31. d5 $142) 31... b5 32. Kd2 Rf3 33. Kc2 Ke7 34. Re2+ Kd7 35. Re5 (35. Rh2 {might work better.}) 35... Rf5 {[%emt 0:00:53] [#] White must now prevent ...Rxe5.} 36. Re2 Rxg5 37. Rh2 Rh5 {[%emt 0:01:08] Inhibits Rh7.} 38. Rf2 f6 39. Rf3 (39. Rf1 $142) 39... g5 {[%emt 0:00:23][%cal Bg6g5,Bg5g4,Bg4f3][%mdl 32] ...g4 is the strong threat.} 40. Kd3 g4 41. Rf4 f5 {[%emt 0:30:43] ( -> ...Rh3+)} 42. c4 Rh3+ {[%emt 0:00:48] Black mates.} 43. Kd2 Rf3 44. Rxf3 gxf3 45. cxb5 cxb5 46. Ke3 a4 {[%emt 0:00:00] Weighted Error Value: White=0.65/Black=0.08 (flawless)} 0-1

[Event "44th Chess Olympiad Women 2022"]
[Site "Chennai"]
[Date "2022.07.29"]
[Round "1.43"]
[White "Radikovic, Anamarija"]
[Black "Cho, Hung-Ling"]
[Result "1-0"]
[ECO "C61"]
[WhiteElo "2099"]
[BlackElo "1576"]
[Annotator "TA"]
[PlyCount "39"]
[EventDate "2022.07.29"]
[EventType "team-tourn"]
[EventCountry "IND"]
[SourceTitle "playchess.com"]
[Source "ChessBase"]
[SourceQuality "1"]
[WhiteTeam "Croatia"]
[BlackTeam "Taiwan"]
[WhiteTeamCountry "CRO"]
[BlackTeamCountry "TPE"]
[TimeControl "40/5400+30:1800+30"]

1. e4 e5 2. Nf3 Nc6 3. Bb5 Nd4 4. Nxd4 exd4 5. O-O c6 6. Bc4 Nf6 7. d3 d5 8. exd5 Nxd5 9. Re1+ {[%emt 0:01:14] C61: Ruy Lopez: Bird's Defence.} Be6 10. Qh5 Qd6 11. Bg5 {[%emt 0:09:09] [#] White is slightly better.} g6 $146 ({Predecessor:} 11... Be7 12. Bxe7 Qxe7 13. Nd2 O-O 14. Bxd5 cxd5 15. Nb3 Qc7 16. Re2 a5 17. Nxd4 Qb6 {1-0 (42) Halamus,A (1900)-Andrzejewska,A (1975) Sielpa 2004}) 12. Qh4 {[%emt 0:01:51] [#] Hoping for Nd2.} Bg7 13. Bxd5 Qxd5 14. Bf6 $36 {[%emt 0:00:12][%mdl 2048] White has the initiative.} O-O 15. Nd2 Bxf6 16. Qxf6 Rad8 (16... b6 $14) 17. Re5 $16 Qd7 18. Ne4 {[%emt 0:01:59] Qh4 is the strong threat. White is more active.} Qc7 19. Ng3 (19. h4 $16 {Black must now prevent h5.} Rd5 20. Rxd5 Bxd5 21. Qxd4 Bxe4 22. Qxe4 (22. dxe4 c5 $14)) 19... Rd6 $2 {[%emt 0:04:04][%mdl 8192] [#]} (19... Rd5 $14 20. Rxd5 cxd5) 20. Nh5 $1 {[%emt 0:00:31][%mdl 512] Weighted Error Value: White=0.13 (very precise) /Black=0.79} 1-0

[Event "44th Chess Olympiad Women 2022"]
[Site "Chennai"]
[Date "2022.07.29"]
[Round "1.43"]
[White "Dejanovic, Tereza"]
[Black "Shih, Ching-An"]
[Result "1-0"]
[ECO "C87"]
[WhiteElo "2011"]
[BlackElo "1582"]
[Annotator "TA"]
[PlyCount "89"]
[EventDate "2022.07.29"]
[EventType "team-tourn"]
[EventCountry "IND"]
[SourceTitle "playchess.com"]
[Source "ChessBase"]
[SourceQuality "1"]
[WhiteTeam "Croatia"]
[BlackTeam "Taiwan"]
[WhiteTeamCountry "CRO"]
[BlackTeamCountry "TPE"]
[TimeControl "40/5400+30:1800+30"]

1. e4 e5 2. Nf3 Nc6 3. Bb5 a6 4. Ba4 Nf6 5. O-O d6 6. Re1 Be7 7. c3 O-O 8. h3 b5 9. Bc2 Bb7 10. d4 Re8 {[%emt 0:03:42] C87: Closed Ruy Lopez: Steinitz-type lines after 6 Re1 d6.} 11. Nbd2 Bf8 12. a4 exd4 {[%emt 0:04:20] The position is equal.} 13. cxd4 Nb4 14. Bb1 c5 15. d5 {[%emt 0:03:29] [#]} g6 $146 ({Predecessor:} 15... Nd7 16. Ra3 g6 17. Nf1 Bg7 18. Bg5 Nf6 19. Qd2 Qd7 20. a5 Qc7 21. Ng3 Nd7 {½-½ (60) Alarcon Careaga,G (2144)-Saldano Dayer,H (2432) Buenos Aires 2015}) 16. Nf1 Bg7 17. Qb3 bxa4 18. Qxa4 Qd7 19. N1d2 Qb5 {[%emt 0:02:50] Prevents Nc4.} 20. Qb3 (20. Nb3 $11) 20... a5 $1 $15 21. Qa4 Qa6 ({Black should try} 21... Ba6 $15) 22. Ra3 c4 (22... Bc8 $5 ) 23. Nf1 Bc8 24. Bd2 Bd7 25. Qd1 Qb7 ({Better is} 25... Nd3 $14) 26. Bc3 Bb5 27. Ng3 Nd7 28. Bxg7 Kxg7 29. Qd2 Nc5 $2 {[%emt 0:01:36][%mdl 8192] This costs Black the game.} (29... Qb6 $16 {is tougher.}) 30. Qg5 {[%emt 0:01:49] [#] Black must now prevent Nf5+.} Qd7 (30... Kg8 $2 31. Nh5 Nbd3 32. Bxd3 Nxd3 33. Re3 (33. Nf6+ Kg7 $18)) (30... Ncd3 31. Nf5+ Kg8) 31. Nh5+ $18 Kf8 32. Nf6 Qd8 33. Qh6+ Ke7 34. Nxe8 Kxe8 35. Qxh7 Ncd3 36. Bxd3 Nxd3 37. Re2 {[%emt 0:01:47] aiming for e5.} Ra7 38. Nd4 Qb6 39. Nxb5 Qxb5 40. Rc3 Re7 41. Qh8+ Kd7 42. Qd4 Nxb2 43. Ra3 (43. Qa7+ $142 Ke8 44. Qa8+ Kd7 {[#]} 45. Rxb2 $1 Qxb2 46. Rxc4 Qb1+ 47. Kh2 Rxe4 48. Qa7+ Kd8 49. Rc7) 43... c3 44. Qa7+ Kd8 45. Qa8+ {[%emt 0:00:00] Weighted Error Value: White=0.19 (very precise) /Black=0.74} 1-0

[Event "44th Chess Olympiad Women 2022"]
[Site "Chennai"]
[Date "2022.07.29"]
[Round "1.43"]
[White "Tsai, Sophie Yi-Hsuan"]
[Black "Berke, Ana"]
[Result "1/2-1/2"]
[ECO "B62"]
[WhiteElo "1131"]
[BlackElo "2163"]
[Annotator "TA"]
[PlyCount "130"]
[EventDate "2022.07.29"]
[EventType "team-tourn"]
[EventCountry "IND"]
[SourceTitle "playchess.com"]
[Source "ChessBase"]
[SourceQuality "1"]
[WhiteTeam "Taiwan"]
[BlackTeam "Croatia"]
[WhiteTeamCountry "TPE"]
[BlackTeamCountry "CRO"]
[TimeControl "40/5400+30:1800+30"]

1. e4 c5 2. Nf3 d6 3. d4 cxd4 4. Nxd4 Nf6 5. Nc3 Nc6 6. Bg5 e6 7. Be2 a6 {[%emt 0:00:33] B62: Sicilian: Richter-Rauzer: 6...e6: Unusual White 7th moves.} 8. h3 Bd7 {[%emt 0:00:43] [#]} 9. g4 $146 (9. Nb3 $11) ({Predecessor:} 9. Qd2 Be7 10. O-O-O Rc8 11. Nxc6 Rxc6 12. Qd4 Qa5 13. Be3 O-O 14. Bc4 Rfc8 15. Bb3 {1-0 (30) Karetnikova,J (1924)-Borisova,T Irkutsk 2010}) 9... Qa5 $15 {[%emt 0:06:46][%csl LRe4,LRg5] Black is slightly better.} 10. Bxf6 gxf6 11. Nb3 Qc7 12. Qd2 {[%emt 0:10:55] Prevents Bh6.} h5 (12... b5 $5 ) 13. O-O-O h4 (13... b5 $5 ) 14. Kb1 O-O-O 15. f4 Kb8 16. Rhf1 Bc8 17. Qe3 b5 18. a3 Qa7 19. Qxa7+ Kxa7 20. f5 Be7 21. Nd4 Ne5 22. Na2 Bd7 23. Nb4 Rb8 24. Nb3 Rhc8 25. Nd3 {[%emt 0:00:52] Pair of Knights!} (25. c3 {is interesting.} Kb6 26. Nd4 Rc7 27. Nbc2) 25... Nc4 26. Rf3 {[%emt 0:02:45] Inhibits Ne3.} Be8 ({Better is} 26... Bc6 $11) 27. fxe6 fxe6 28. Nd4 (28. Nf4 $1 $16) 28... Bd7 (28... Bg6 $1 $11) 29. g5 (29. Nf4 $1 $16) 29... fxg5 (29... Rf8 $11) 30. Rf7 $16 Re8 31. Bh5 $1 e5 (31... a5 $16) 32. Nf5 $18 Bxf5 33. exf5 {[%emt 0:00:06] Hoping for Nb4.} Ne3 (33... Kb6 $142 34. Nb4 (34. f6 Bf8 $16) 34... Ne3) 34. Rg1 $2 (34. Re1 $18 Nd5 35. Bf3) 34... Kb6 $1 $14 35. f6 $36 {[%emt 0:01:34][%mdl 2048] White has strong initiative.} Bd8 ({Black should play} 35... Bf8) 36. Rxg5 $16 {[%emt 0:02:23] White is more active.} Nd5 37. Nb4 $1 Nxb4 38. axb4 e4 $2 (38... Kc6 39. Rgg7 e4) 39. Rd7 $1 $18 Rf8 40. Rxd6+ Kc7 41. Rgd5 Rb7 42. Rxa6 (42. f7) 42... Rxf6 43. Ra8 Be7 44. Bg4 (44. c3 $18) 44... Bd6 {[%emt 0:02:30] Prevents Re5.} (44... Bxb4 $16 {was necessary.} 45. Rc8+ Kb6) 45. Rc8+ Kb6 46. Be2 Ka7 47. Bxb5 Bxb4 48. Bc6 (48. Rc4 $18 Be7 49. Ra4+ (49. Rxe4 Rf3 $18) 49... Kb8 50. Rxe4) 48... Re7 $16 {[%emt 0:00:00][%cal Of6c6] aiming for ...Rxc6!} 49. Rd7+ (49. Ra8+ $16 Kb6 50. Bb5) 49... Rxd7 $11 50. Bxd7 {[%emt 0:00:00][%mdl 4096] Endgame KRB-KRB} e3 51. Re8 Rf1+ 52. Ka2 Bd2 $1 53. c3 Rf2 {[%emt 0:00:00] Threatens to win with ...e2.} 54. Bg4 {[%emt 0:00:00] Inhibits e2.} Rg2 (54... Bxc3 $11 {remains equal.} 55. Rxe3 Rxb2+ 56. Ka3 Bf6) 55. Re4 {[%emt 0:01:36] [#]} (55. Kb1 $1 $16) 55... Kb6 {[%emt 0:00:00] [#]} (55... Rxg4 $1 $11 56. Rxg4 e2) 56. Kb3 (56. Kb1 $1 $16) 56... Bc1 57. Kc4 {[%emt 0:01:54] Strongly threatening b4.} Rxb2 58. Kd3 Rg2 59. Bf3 (59. Rb4+ $14 {was preferrable.} Ka5 60. Be2) 59... Rg3 60. Bg4 Bd2 61. c4 Rg2 62. Be2 Be1 $1 63. Rxe3 Rg3 64. Rxg3 Bxg3 65. Kd4 Kc7 {[%emt 0:00:08] Blacks defense is rewarded with a draw.  Weighted Error Value: White=0.41/Black=0.33} 1/2-1/2

[Event "44th Chess Olympiad Women 2022"]
[Site "Chennai"]
[Date "2022.07.29"]
[Round "1.44"]
[White "Mona, Khaled"]
[Black "Markidou, Christianna"]
[Result "1-0"]
[ECO "D05"]
[WhiteElo "2127"]
[BlackElo "1701"]
[Annotator "TA"]
[PlyCount "79"]
[EventDate "2022.07.29"]
[EventType "team-tourn"]
[EventCountry "IND"]
[SourceTitle "playchess.com"]
[Source "ChessBase"]
[SourceQuality "1"]
[WhiteTeam "Egypt"]
[BlackTeam "Cyprus"]
[WhiteTeamCountry "EGY"]
[BlackTeamCountry "CYP"]
[TimeControl "40/5400+30:1800+30"]

1. d4 d5 2. Nf3 e6 3. e3 Nf6 4. Bd3 c6 5. Nbd2 Nbd7 6. O-O Bd6 {[%emt 0:00:33] D05: Colle System with ...e6.} 7. Qe2 O-O 8. e4 $1 dxe4 {[%emt 0:10:05] White is slightly better.} 9. Nxe4 Nxe4 10. Qxe4 Nf6 ({Better is} 10... g6) 11. Qh4 $1 $16 h6 $2 {[%emt 0:19:59] [#] Prevents Bg5.} (11... Re8 $16 12. Ne5 h6) 12. Ne5 $2 {[%emt 0:12:24] [#]} (12. Bxh6 $1 $18 {[%mdl 512] is the precise move to win.} gxh6 13. Qxh6) 12... Nd7 $146 (12... Nd5 $16 13. Qg3 (13. Qe4 f5 $14) 13... Kh8) ({Predecessor:} 12... c5 13. Nc4 cxd4 14. Nxd6 Qxd6 15. Bxh6 e5 16. Bg5 Re8 17. Rae1 Qc6 18. Bxf6 gxf6 {1-0 (40) Grimm,W (1369)-Obrien,G (1392) LSS email 2016}) 13. Qg3 $40 {[%emt 0:02:55][%mdl 128] Threatens to win with Bxh6. White is out for blood.} ({Don't do} 13. Qe4 $6 f5 14. Qe3 Nxe5 15. dxe5 Bc7 $14) 13... Qf6 (13... Qa5 $142) 14. Nxd7 Qxd4 15. c3 Bxg3 16. cxd4 {[%emt 0:00:22] The board is on fire.} Bxf2+ 17. Rxf2 Bxd7 18. b3 Rad8 19. Ba3 Rfe8 20. Raf1 f5 21. Re1 Bc8 22. Bb2 c5 23. Bb5 Bd7 24. Bxd7 Rxd7 25. dxc5 g6 26. Be5 Kf7 27. b4 a6 28. a4 g5 29. b5 axb5 30. axb5 Rc8 31. Rc2 {[%emt 0:08:55] aiming for c6.} Rd5 32. c6 b6 (32... Rxb5 $142 33. c7 Rd5) 33. Ra2 {[%emt 0:02:47] Hoping for Ra7+.} Rxb5 34. Ra7+ Kg6 35. Rg7+ Kh5 36. c7 {[%emt 0:00:45] White is clearly winning.} Rc5 37. Rd7 Kg6 38. Rd8 (38. Bd6 $142 Rc4 39. Rxe6+ Kh5 40. h3) 38... R8xc7 39. Bxc7 Rxc7 40. Rxe6+ {[%emt 0:00:07] Weighted Error Value: White=0.16 (very precise) /Black=0.44} 1-0

[Event "44th Chess Olympiad Women 2022"]
[Site "Chennai"]
[Date "2022.07.29"]
[Round "1.44"]
[White "Ioannides Liu, Alice"]
[Black "Moaataz, Ayah"]
[Result "0-1"]
[ECO "D02"]
[WhiteElo "1292"]
[BlackElo "2119"]
[Annotator "TA"]
[PlyCount "50"]
[EventDate "2022.07.29"]
[EventType "team-tourn"]
[EventCountry "IND"]
[SourceTitle "playchess.com"]
[Source "ChessBase"]
[SourceQuality "1"]
[WhiteTeam "Cyprus"]
[BlackTeam "Egypt"]
[WhiteTeamCountry "CYP"]
[BlackTeamCountry "EGY"]
[TimeControl "40/5400+30:1800+30"]

1. Nf3 d5 2. d4 Nf6 3. g3 g6 4. Bg2 Bg7 5. O-O O-O 6. Bf4 Nbd7 7. c3 c5 {[%emt 0:02:17] D02: 1 d4 d5 2 Nf3 sidelines, including 2...Nf6 3 g3 and 2...Nf6 3 Bf4.} 8. dxc5 ({Better is} 8. Nbd2 $11) 8... Nxc5 $15 9. Nbd2 Re8 {[%emt 0:07:04] [#] Black is slightly better.} 10. Nb3 $146 ({Predecessor:} 10. Be3 Nfd7 11. Nb3 Na4 12. Qc2 Nab6 13. Rad1 Qc7 14. Bd4 e5 15. Bxb6 Nxb6 16. e3 {0-1 (27) Zhaferova,F-Gerasimova,O (2097) Zelenograd 2012}) 10... Na4 11. Qc1 Bd7 12. Ne5 e6 13. Qd2 (13. Bg5 $11 {feels stronger.}) 13... Bb5 14. Nd4 Ba6 15. b4 {[%emt 0:05:19] [#] Strongly threatening b5.} Nd7 (15... b5 $15 16. Bh6 Ne4 17. Bxe4 Bxe5) 16. Nxd7 (16. Ng4 $1 $11 {keeps the balance.} Qb6 17. Be3) 16... Qxd7 $17 17. Rab1 Bc4 {[%emt 0:04:15] aiming for ...e5.} 18. Bh6 $2 {[%emt 0:05:19] This costs White the game.} (18. Be3 $17 {keeps fighting.}) 18... Bxh6 $19 19. Qxh6 Nxc3 20. Rb2 e5 ({Inferior is} 20... Nxa2 21. Qd2 $15) 21. Nf3 Nxe2+ 22. Kh1 Nd4 23. Nxd4 Bxf1 {[%emt 0:01:04] Black is clearly winning.} ({Avoid the trap} 23... exd4 $2 24. Rd1 $19) 24. Bxf1 exd4 25. Rb1 (25. Qd2 $142) 25... Qf5 {[%emt 0:00:27][%csl LRb1,LRf2] Weighted Error Value: White=0.51/Black=0.12 (very precise)} 0-1